cohdb
Replays
Latest Replays
All Replays
Popular Replays
Top Player Replays
Match Explorer
How It Works
Community
CoH3 Stats
Reddit
Sign in to upload your games and track your stats! →
Sign in with Steam
Match 44943734
Unlisted
Match 44943734
Overview
Messages
Build Orders
End
Construct Barracks
Riflemen Squad
Riflemen Squad
Riflemen Squad
Construct Weapon Support Center
Infantry Support Center
Construct Medical Station
M1919 Machine Gun Team
M3 Armored Personnel Carrier
Selects Heavy Weapons
Selects Assault Carriers
Selects Exchangeable Parts
M1918 Browning Automatic Rifles
Grenade Package
M3 Assault Carrier
Engineer Squad
Riflemen Squad
Engineer Squad
Guru
Karl Müller
Zergvoss
True Xavier
0
0
Comments
sign in to comment!
No comments posted yet!